 Dungeon Crawl Stone Soup version 0.24.1-11-gbbbb2193e6 (webtiles) character file.

Game seed: 3774903404057383556, levelgen mode: deterministic

485 lepoulpe303 the Digger (level 7, 0/40 HPs)
             Began as a Gargoyle Earth Elementalist on May 14, 2020.
             Slain by a yak (5 damage)
             ... on level 7 of the Dungeon.
             The game lasted 00:13:36 (3853 turns).

lepoulpe303 the Digger (GrEE)                       Turns: 3853, Time: 00:13:36

Health: 0/40       AC:  8    Str: 12    XL:     7   Next: 13%
Magic:  5/13       EV: 12    Int: 17    God:
Gold:   256        SH:  0    Dex: 10    Spells: 4/14 levels left

rFire    . . .     SeeInvis .   w - +0 lajatang
rCold    . . .     Gourm    .   (shield currently unavailable)
rNeg     + . .     Faith    .   c - +0 robe
rPois    ∞         Spirit   .   a - +0 helmet
rElec    +         Reflect  .   s - +0 cloak
rCorr    .         Harm     .   (no gloves)
MR       .....                  (no boots)
Stlth    ++........             (no amulet)
HPRegen  0.13/turn              (no ring)
MPRegen  0.13/turn              (no ring)

@: no status effects
A: negative energy resistance 1, electricity resistance, unbreathing,
petrification resistance, rot immunity, AC +4
a: no special abilities


You were on level 7 of the Dungeon.
You were not hungry.

You visited 1 branch of the dungeon, and saw 5 of its levels.

You collected 256 gold pieces.

Inventory:

Hand Weapons
 w - a +0 lajatang (weapon)
Missiles
 Q - 76 stones (quivered)
Armour
 a - a +0 helmet (worn)
 c - a +0 robe (worn)
 s - a +0 cloak (worn)
Jewellery
 h - a +5 amulet of reflection {unknown}
Scrolls
 d - 3 scrolls of enchant weapon {unknown}
 g - 5 scrolls of identify {unknown}
 i - 2 scrolls of teleportation {unknown}
 k - 3 scrolls of remove curse {unknown}
 m - a scroll of fog {unknown}
 o - a scroll of magic mapping {unknown}
 r - a scroll of amnesia {unknown}
Potions
 f - 5 potions of curing {unknown}
 j - a potion of magic {unknown}
 l - 3 potions of might {unknown}
 n - 2 potions of brilliance {unknown}
 p - a potion of resistance {unknown}
 t - a potion of haste {unknown}
 u - a potion of cancellation {unknown}
 v - a potion of invisibility {unknown}
Comestibles
 e - 8 rations
 q - 5 chunks of flesh


   Skills:
 + Level 2.0 Fighting
   Level 0.8(1.0) Maces & Flails
 * Level 0.6(1.0) Staves
 + Level 2.8 Dodging
 - Level 3.2 Stealth
 * Level 4.1 Spellcasting
 - Level 0.7 Transmutations
 * Level 6.0 Earth Magic


You had 4 spell levels left.
You knew the following spells:

 Your Spells              Type           Power        Failure   Level  Hunger
a - Sandblast             Erth           ###...       1%          1    None
c - Petrify               Tmut/Erth      ##......     36%         4    ####...
w - Passwall              Tmut/Erth      ##......     6%          2    ##.....
x - Stone Arrow           Conj/Erth      ##....       14%         3    ###....

Your spell library contained the following spells:

 Spells                   Type           Power        Failure   Level  Hunger
 Animate Skeleton         Necr           N/A          16%         1    None
 Apportation              Tloc           #.....       16%         1    None
 Confusing Touch          Hex            #.....       16%         1    None
 Summon Small Mammal      Summ           #...         16%         1    None
 Lee's Rapid Deconstruct  Erth           ###.......   36%         5    ######.


Dungeon Overview and Level Annotations

Branches:
Dungeon (4/15)
 Temple: D:4-7

Altars:
Dithmenos
Elyvilon
Gozag
Makhleb
Trog

Shops:
D:4 (


Innate Abilities, Weirdness & Mutations

You are resistant to torment.
Your stone body is resilient. (AC +4)
You are immune to poison.
You resist negative energy. (rN+)
You are resistant to electric shocks. (rElec)
You can survive without breathing.
You are immune to petrification.
You are immune to rotting.


Message History

The blast of sand hits the yak!
Q - 77 stones The gnoll sergeant hits you from afar with a +2 spear of venom.
* * * LOW HITPOINT WARNING * * *
The yak misses you.
You take 3 damage, and have 9/40 hp.
You now have 7/13 mp.
Aim: a yak (severely wounded)
The blast of sand hits the yak but does no damage.
Q - 76 stones The gnoll sergeant hits you from afar with a +2 spear of venom.
* * * LOW HITPOINT WARNING * * *
The yak gores you.
* * * LOW HITPOINT WARNING * * *
You take 5 damage, and have 4/40 hp.
You now have 6/13 mp.
The yak snorts and paws the ground.
Sorry, you're not good enough to have a special ability.
Unknown command.
A rock wall.
The yak gores you.
You die...

.......)..#
#########
########..#
........## #....#
#.......# ###.##.#
#.......# #......#
#.......# #.#.####
#.......# #.#.#
#.....(.# #.#.#
#.!.....#####@#.#
.(....###..Yg.gY.#.#
...... ##########.#
...... .# ..../[
Y..... ...... ...Z..


You could see 2 yaks, a gnoll sergeant and a gnoll.

Levels and vault maps discovered:
D:1:      sevenhm_arrival_forest_fort_large_3, layout_basic
D:2:      layout_basic, grunt_dithmenos_smoke_and_mirrors,
          makhleb_altar_promises_db
D:3:      minmay_evil_eye, layout_loops_ring, nicolae_overflow_hidden_temple,
          lemuel_crystal_altar, first_ration, bloody_trog
D:4:      layout_loops_ring, serial_shops, nicolae_shop_statue_plus,
          grunt_gozag_breadcrumbs
D:7:      layout_basic, minmay_temple_entry_junction

Notes
Turn   | Place    | Note
-------+----------+-------------------------------------------
     0 | D:1      | lepoulpe303 the Gargoyle Earth Elementalist began the quest
                  | for the Orb.
     0 | D:1      | Reached XP level 1. HP: 10/10 MP: 3/3
    28 | D:1      | Identified a +0 dagger
    99 | D:1      | Identified a +0 club
   100 | D:1      | Identified a +0 club
   144 | D:1      | Identified a +0 helmet (You found it on level 1 of the
                  | Dungeon)
   261 | D:1      | Identified a +0 club
   267 | D:1      | Reached XP level 2. HP: 10/15 MP: 0/5
   272 | D:1      | Learned a level 2 spell: Passwall
   494 | D:1      | Identified a +0 club
   523 | D:1      | Identified a +0 dagger
   599 | D:1      | Reached skill level 4 in Earth Magic
   775 | D:1      | Reached XP level 3. HP: 7/19 MP: 4/6
   780 | D:1      | Learned a level 3 spell: Stone Arrow
   973 | D:1      | Identified a +0 dagger
   975 | D:1      | Identified a +0 dagger
  1489 | D:1      | Identified a +0 club
  1511 | D:2      | Identified a +0 club
  1524 | D:2      | Found a shadowy altar of Dithmenos.
  1553 | D:2      | Identified a +0 short sword
  1633 | D:2      | Identified a +0 club
  1791 | D:2      | Identified a +0 dagger
  1818 | D:2      | Reached skill level 2 in Dodging
  1876 | D:2      | Identified a cursed -1 dagger
  1881 | D:2      | Reached XP level 4. HP: 20/24 MP: 3/8
  1883 | D:2      | Found a burning altar of Makhleb.
  1883 | D:2      | Noticed an Executioner
  1906 | D:2      | Identified a +0 dagger
  2298 | D:3      | Identified a +0 short sword
  2325 | D:3      | Identified a +0 rapier (You found it on level 3 of the
                  | Dungeon)
  2371 | D:3      | Identified a +0 club
  2378 | D:3      | Reached skill level 3 in Stealth
  2386 | D:3      | Reached skill level 3 in Spellcasting
  2473 | D:3      | Identified a +0 club
  2477 | D:3      | Found an opulent altar of Gozag.
  2622 | D:3      | Reached XP level 5. HP: 19/28 MP: 3/9
  2650 | D:3      | Found a bloodstained altar of Trog.
  2656 | D:3      | Learned a level 4 spell: Petrify
  2795 | D:3      | Reached skill level 5 in Earth Magic
  2805 | D:3      | Identified a +0 cloak (You found it on level 3 of the
                  | Dungeon)
  2985 | D:3      | Found a white marble altar of Elyvilon.
  3041 | D:4      | Found Vasaorch's Weapon Emporium.
  3052 | D:4      | Reached skill level 1 in Fighting
  3052 | D:4      | Reached XP level 6. HP: 31/34 MP: 6/11
  3100 | D:4      | Identified a +0 whip
  3105 | D:4      | HP: 8/34 [orc/+0 whip (1)]
  3580 | D:4      | Reached skill level 4 in Spellcasting
  3751 | D:4      | You fall into a shaft and drop 3 floors!
  3773 | D:7      | Identified a +0 lajatang (You found it on level 7 of the
                  | Dungeon)
  3791 | D:7      | Identified a +0 spear
  3792 | D:7      | Identified a +2 spear of venom
  3792 | D:7      | Identified a +0 ring mail
  3792 | D:7      | Identified a +0 shield
  3792 | D:7      | Identified a +0 spear
  3805 | D:7      | Reached XP level 7. HP: 39/39 MP: 9/13
  3834 | D:7      | Noticed a yak
  3835 | D:7      | Reached skill level 2 in Fighting
  3835 | D:7      | Reached skill level 6 in Earth Magic
  3835 | D:7      | Noticed a yak
  3838 | D:7      | Noticed a yak
  3849 | D:7      | HP: 9/40 [gnoll sergeant/+2 spear of venom (3)]
  3850 | D:7      | HP: 4/40 [yak (3)]
  3853 | D:7      | Slain by a yak

Table legend:
 A = Turns spent in this place as a percentage of turns spent in the entire game.
 B = Non-inter-level travel turns spent in this place as a percentage of non-inter-level travel turns spent in the entire game.
 C = Inter-level travel turns spent in this place as a percentage of turns spent in this place.
 D = Turns resting spent in this place as a percentage of non-inter-level travel turns spent in this place.
 E = Turns spent auto-exploring this place as a percentage of non-inter-level travel turns spent in this place.
 F = Non-inter-level travel turns spent in this place divided by the number of levels of this place that you've seen.
                   A       B       C       D       E      F
               +-------+-------+-------+-------+-------+----------------------
         Total | 100.0 | 100.0 |   1.9 |  17.9 |  59.4 | 755.8
       Dungeon | 100.0 | 100.0 |   1.9 |  17.9 |  59.4 | 755.8
               +-------+-------+-------+-------+-------+----------------------

Table legend:
 A = Kills in this place as a percentage of kills in entire the game.
 B = Kills by you in this place as a percentage of kills by you in the entire game.
 C = Kills by friends in this place as a percentage of kills by friends in the entire game.
 D = Other kills in this place as a percentage of other kills in the entire game.
 E = Experience gained in this place as a percentage of experience gained in the entire game.
 F = Experience gained in this place divided by the number of levels of this place that you have seen.
                   A       B       C       D       E      F
               +-------+-------+-------+-------+-------+----------------------
         Total | 100.0 | 100.0 |   N/A |   N/A | 100.0 | 138.6
       Dungeon | 100.0 | 100.0 |   N/A |   N/A | 100.0 | 138.6
               +-------+-------+-------+-------+-------+----------------------

Skill      XL: |  1  2  3  4  5  6  7 |
---------------+----------------------+-----
Earth Magic    | 4 5 6 |  6.0
Dodging        | 2 |  2.8
Stealth        | 3 |  3.2
Spellcasting   | 3 4 |  4.1
Fighting       | 1 2 |  2.0
Maces & Flails | |  0.8
Staves         | |  0.6
Transmutations | |  0.7

Action                   |  1- 3 |  4- 6 |  7- 9 || total
-------------------------+-------+-------+-------++-------
Melee: Unarmed           |     8 |       |       ||     8
       Club              |   104 |       |       ||   104
       Short sword       |    16 |    29 |       ||    45
       Rapier            |       |    80 |       ||    80
       Whip              |       |    38 |       ||    38
       Lajatang          |       |       |    11 ||    11
 Cast: Sandblast         |    27 |    42 |    10 ||    79
       Passwall          |       |       |     1 ||     1
 Stab: Sleeping          |     3 |     8 |       ||    11
  Eat: Chunk             |     4 |     3 |       ||     7
       Ration            |       |     1 |       ||     1
Armor: Robe              |    72 |    68 |     8 ||   148
Dodge: Dodged            |   132 |   124 |    10 ||   266

Vanquished Creatures
  A bullfrog (D:3)
  A scorpion (D:4)
  A howler monkey (D:4)
  A bullfrog zombie (D:4)
  A centaur zombie (D:7)
  A hound (D:4)
  A worker ant (D:4)
  3 gnolls (D:7)
  11 adders
  2 oozes
  A worm (D:2)
  A dart slug (D:1)
  2 leopard geckos
  An orc (D:4)
  2 giant cockroaches (D:2)
  11 goblins
  8 hobgoblins
  4 jackals (D:1)
  2 quokkas
  13 bats
  3 frilled lizards
  7 kobolds
  A leopard gecko skeleton (D:4)
  9 rats
88 creatures vanquished.
